 Dungeon Crawl Stone Soup version 0.31-a0-145-g046c7d2549 (webtiles) character file.

Game seed: 2355748109549104520

42 Faragor the Chiller (level 3, 0/19 HPs)
             Began as a Deep Elf Ice Elementalist on June 6, 2023.
             Slain by an adder (1 damage)
             ... on level 2 of the Dungeon.
             The game lasted 00:03:50 (1420 turns).

Faragor the Chiller (Deep Elf Ice Elementalist)     Turns: 1420, Time: 00:03:51

Health: 0/19       AC:  2    Str:  5    XL:     3   Next: 35%
Magic:  2/10       EV: 12    Int: 21    God:
Gold:   22         SH:  0    Dex: 15    Spells: 9/10 levels left

rFire   . . .        j - +2 mace (holy)
rCold   . . .        (no shield)
rNeg    . . .        a - +0 robe
rPois   .            (no helmet)
rElec   .            (no cloak)
rCorr   .            (no gloves)
SInv    .            (no boots)
Will    .....        (no amulet)
Stlth   ++           (no ring)
HPRegen 0.23/turn    (no ring)
MPRegen 0.12/turn

%: random rage (3%)
@: no status effects
A: berserk 1
a: no special abilities


You were on level 2 of the Dungeon.
You visited 1 branch of the dungeon, and saw 2 of its levels.

You collected 22 gold pieces.

Inventory:

Hand Weapons
 e - a +0 short sword
 j - a +2 mace of holy wrath (weapon)
Armour
 a - a +0 robe (worn)
Wands
 c - a wand of digging (5)
Scrolls
 h - a scroll of enchant armour
Potions
 b - a potion of magic
 d - a potion of ambrosia


   Skills:
 - Level 2.6 Dodging
 + Level 3.2 Stealth
 * Level 4.1 Spellcasting
 + Level 4.7 Ice Magic


You had 9 spell levels left.
You knew the following spells:

 Your Spells              Type           Power      Damage    Failure   Level
a - Freeze                Ice            96%        1d10      1%          1

Your spell library contained the following spells:

 Spells                   Type           Power      Damage    Failure   Level
 Frozen Ramparts          Ice            48%        1d8       4%          3
 Ozocubu's Armour         Ice            24%        N/A       4%          3
 Summon Ice Beast         Ice/Summ       14%        N/A       41%         4


Dungeon Overview and Level Annotations

Branches:
Dungeon (2/15)

Altars:


Innate Abilities, Weirdness & Mutations

You sometimes lose your temper in combat.


Message History

The adder barely misses you.
Casting: Freeze (safe; 1% risk of failure)
Confirm with . or Enter, or press ? or * to list all spells.
Aiming: Freeze (safe; 1% risk of failure)
Press: ? - help, Shift-Dir - straight line, f/p - worm
Aim: a worm (heavily wounded)
You freeze the worm.
The worm is heavily wounded.
The adder closely misses you. The worm bites you!
Ouch! That really hurt!
Unknown command.
Casting: Freeze (safe; 1% risk of failure)
Confirm with . or Enter, or press ? or * to list all spells.
Aiming: Freeze (safe; 1% risk of failure)
Press: ? - help, Shift-Dir - straight line, f/p - worm
Aim: a worm (heavily wounded)
You freeze the worm.
The worm is severely wounded.
The adder barely misses you. The adder bites you.
You are poisoned.
The adder poisons you!
Unknown command.
Casting: Freeze (safe; 1% risk of failure)
Confirm with . or Enter, or press ? or * to list all spells.
Aiming: Freeze (safe; 1% risk of failure)
Press: ? - help, Shift-Dir - straight line, f/p - worm
Aim: a worm (severely wounded)
You freeze the worm!
You kill the worm!
You feel sick. The adder bites you.
* * * LOW HITPOINT WARNING * * *
You hit the rat.
You kill the rat!
You feel sick. The adder barely misses you. The adder closely misses you.
You miss the adder.
You feel sick.
You are no longer poisoned.
The adder bites you.
* * * LOW HITPOINT WARNING * * *
The adder bites you.
You die...

###
#...##.......#
...
#...##..####.#
.... #...##..# #
...).#...##..#
.....#.......#
.w...........##.#
. .#.)........#
....#...########
........†@....#
.....#..S####.#
.......... #
...........
............
.............
..........###
..........#


You could see an adder.

Vanquished Creatures
  3 worms (D:2)
  A dart slug (D:2)
  3 endoplasms
  3 giant cockroaches
  5 goblins
  3 hobgoblins
  2 jackals (D:2)
  A kobold (D:1)
  3 ball pythons (D:1)
  2 bats (D:1)
  A frilled lizard (D:1)
  2 rats (D:2)
29 creatures vanquished.

Notes
Turn   | Place    | Note
-------+----------+-------------------------------------------
     0 | D:1      | Faragor the Deep Elf Ice Elementalist began the quest for
                  | the Orb.
     0 | D:1      | Reached XP level 1. HP: 10/10 MP: 6/6
   199 | D:1      | Reached XP level 2. HP: 10/15 MP: 1/8
  1183 | D:1      | Gained mutation: You sometimes lose your temper in combat.
                  | [potion of mutation]
  1301 | D:2      | Reached XP level 3. HP: 15/19 MP: 3/10
  1420 | D:2      | Slain by an adder

Illustrated notes

Levels and vault maps discovered:
D:1:      lightli_arrival_windingriver, layout_basic
D:2:      layout_basic, lightli_corner_chamber

Skill      XL: |  1  2  3 |
---------------+----------+-----
Stealth        | 3 |  3.2
Spellcasting   | 4 |  4.1
Dodging        | |  2.6
Ice Magic      | |  4.7

Action                     || total
---------------------------++-------
  Melee: Mace              ||     3
   Cast: Freeze            ||    47
    Use: Scroll            ||     3
         Potion            ||     2
 Armour: Robe              ||     1
  Dodge: Dodged            ||    28

Table legend: (Time is in decaauts)
 A = Elapsed time spent in this place.
 B = Non-inter-level travel time spent in this place.
 C = Inter-level travel time spent in this place.
 D = Time resting spent in this place.
 E = Time spent auto-exploring this place.
 F = Levels seen in this place.
 G = Mean time per level.
                   A        B        C        D        E       F      G
               +--------+--------+--------+--------+--------+-----+--------+
         Total |   1421 |   1385 |     36 |    765 |    416 |   2 |  710.5 |
       Dungeon |   1421 |   1385 |     36 |    765 |    416 |   2 |  710.5 |
               +--------+--------+--------+--------+--------+-----+--------+

Top non-repeatable levels by time:
     D:1: 1221 daAuts
     D:2: 199 daAuts
